 Dungeon Crawl Stone Soup version 0.31-a0-848-gaac375c287 (webtiles) character file.

Game seed: 14284358584174117634

477 DocEon the Magician (level 6, -2/32 HPs)
             Began as a Deep Elf Conjurer on Oct 4, 2023.
             Slain by Duvessa
             ... wielding a +0 short sword
              (8 damage)
             ... on level 4 of the Dungeon.
             The game lasted 00:02:43 (3664 turns).

DocEon the Magician (Deep Elf Conjurer)             Turns: 3664, Time: 00:02:43

Health: -2/32      AC:  2    Str: 10    XL:     6   Next: 85%
Magic:  18/18      EV: 12    Int: 25    God:
Gold:   173        SH:  0    Dex: 13    Spells: 9/20 levels left

rFire   . . .        p - +1 whip (elec)
rCold   . . .        (no shield)
rNeg    . . .        a - +0 robe
rPois   .            (no helmet)
rElec   .            (no cloak)
rCorr   .            (no gloves)
SInv    .            (no boots)
Will    .....        o - amulet of the acrobat
Stlth   ++           i - +6 ring of strength
HPRegen 0.25/turn    (no ring)
MPRegen 0.16/turn

%: acrobat
@: no status effects
A: no striking features
a: no special abilities


You were on level 4 of the Dungeon.
You visited 1 branch of the dungeon, and saw 4 of its levels.

You collected 173 gold pieces.

Inventory:

Hand Weapons
 c - a +0 dagger
 p - a +1 whip of electrocution (weapon)
Missiles
 h - 2 throwing nets
Armour
 a - a +0 robe (worn)
Jewellery
 i - a +6 ring of strength (left hand)
 o - an amulet of the acrobat (around neck)
Scrolls
 d - 2 scrolls of noise {unknown}
 e - 2 scrolls of teleportation {unknown}
 j - 2 scrolls of identify {unknown}
 k - a scroll of fear {unknown}
 n - a scroll of vulnerability {unknown}
Potions
 f - a potion of heal wounds {unknown}
 g - a potion of attraction {unknown}
 l - a potion of might {unknown}
 m - a potion of haste {unknown}


   Skills:
 - Level 2.4 Dodging
 - Level 2.4 Stealth
 * Level 7.5 Spellcasting
 + Level 6.0 Conjurations
 + Level 2.7 Hexes
 + Level 2.1 Translocations


You had 9 spell levels left.
You knew the following spells:

 Your Spells              Type           Power      Damage    Failure   Level
a - Magic Dart            Conj           100%       1d8       1%          1
b - Searing Ray           Conj           78%        2d7       1%          2
c - Fulminant Prism       Conj/Hex       15%        3d11      11%         4
d - Iskenderun's Mystic   Conj/Tloc      29%        2d7       12%         4

Your spell library contained the following spells:

 Spells                   Type           Power      Damage    Failure   Level
 Dazzling Flash           Conj/Hex       62%        N/A       3%          3
 Lesser Beckoning         Tloc           40%        N/A       4%          2
 Gell's Gravitas          Tloc           20%        N/A       8%          3
 Teleport Other           Tloc           20%        N/A       8%          3


Dungeon Overview and Level Annotations

Branches:
Dungeon (4/15)
 Temple: D:4-7

Altars:
Uskayaw
Wu Jian
Yredelemnul
The Shining One

Annotations:
D:4 Duvessa


Message History

Duvessa is heavily wounded.
Duvessa is knocked back by the mystic blast.
Duvessa slams into the rock wall!
Duvessa is severely wounded.
Found an escape hatch in the floor.
Duvessa attacks as she pursues you! Duvessa completely misses you.
Duvessa closely misses you.
An orc comes into view. It is wielding a +0 hand axe.
There is a stone staircase leading up here.
Casting: Iskenderun's Mystic Blast (quite dangerous; 12% risk of failure)
Confirm with . or Enter, or press ? or * to list all spells.
You don't have enough magic to cast this spell.
The orc shouts!
You hit Duvessa. Lightning courses through Duvessa!
Duvessa is almost dead.
Duvessa hits you with a +0 short sword. x2
Casting: Iskenderun's Mystic Blast (quite dangerous; 12% risk of failure)
Confirm with . or Enter, or press ? or * to list all spells.
You erupt in a blast of force!
The mystic blast hits Duvessa but does no damage.
Duvessa is almost dead.
You hear a shout!
Duvessa closely misses you.
You barely miss Duvessa.
Duvessa is almost dead.
Duvessa closely misses you. Duvessa misses you.
You closely miss Duvessa.
Duvessa is almost dead.
Duvessa misses you. The orc barely misses you.
An orc comes into view. It is wielding a +0 club.
You barely miss Duvessa.
Duvessa is almost dead.
Duvessa hits you with a +0 short sword!
Ouch! That really hurt!
* * * LOW HITPOINT WARNING * * *
The orc hits you with a +0 hand axe.
* * * LOW HITPOINT WARNING * * *
Duvessa closely misses you. Magic courses through your body.
Duvessa hits you with a +0 short sword!
You die...

....†..)...# ......)....#
##.#####.).## ...#######..#
####......#.# #......#.#
####......#.###
......[...#...######.#<........
..........###..e@o.o.#........).
..............#.####.#...........
..........###.#..................
..........# #.##.##..............
.....####.# #>#..................
###### #.# #.#..##)#............
#.# #.#.....#+#..........
##.###.#..................
#......#..................


You could see Duvessa (berserk) and 2 orcs.

Vanquished Creatures
  2 ogres (D:4)
  A phantom (D:4)
  A water moccasin zombie (D:3)
  Dowan (D:4)
  3 adders
  A shadow imp (D:4)
  A worm (D:2)
  5 dart slugs
  12 endoplasms
  3 giant cockroaches
  4 goblins
  6 hobgoblins
  3 jackals (D:3)
  6 kobolds
  A quokka (D:1)
  4 ball pythons
  2 ball python zombies (D:3)
  14 bats
  2 frilled lizards
  7 rats
79 creatures vanquished.

Vanquished Creatures (others)
  4 fulminant prisms (D:4)
4 creatures vanquished.

Grand Total: 83 creatures vanquished

Notes
Turn   | Place    | Note
-------+----------+-------------------------------------------
     0 | D:1      | DocEon the Deep Elf Conjurer began the quest for the Orb.
     0 | D:1      | Reached XP level 1. HP: 10/10 MP: 6/6
   215 | D:1      | Reached XP level 2. HP: 9/15 MP: 0/8
   390 | D:1      | Reached skill level 4 in Spellcasting
   786 | D:1      | Reached XP level 3. HP: 19/19 MP: 8/10
  1559 | D:2      | Reached skill level 5 in Conjurations
  1642 | D:2      | Reached skill level 5 in Spellcasting
  1682 | D:2      | Learned a level 2 spell: Searing Ray
  1809 | D:2      | Reached XP level 4. HP: 24/24 MP: 10/13
  1943 | D:2      | Found a faded altar of an unknown god.
  1984 | D:3      | Found a hide-covered altar of Uskayaw.
  2070 | D:3      | Found a basalt altar of Yredelemnul.
  2458 | D:3      | Reached skill level 6 in Spellcasting
  2577 | D:3      | Reached XP level 5. HP: 28/28 MP: 13/15
  2785 | D:3      | Learned a level 4 spell: Fulminant Prism
  2790 | D:3      | Learned a level 4 spell: Iskenderun's Mystic Blast
  3175 | D:3      | Found an ornate altar of the Wu Jian Council.
  3258 | D:4      | Noticed an ogre
  3259 | D:4      | Noticed Duvessa
  3342 | D:4      | Found a glowing golden altar of the Shining One.
  3355 | D:4      | Noticed a phantom
  3361 | D:4      | Killed a phantom
  3362 | D:4      | Reached skill level 1 in Hexes
  3362 | D:4      | Reached skill level 1 in Translocations
  3479 | D:4      | Noticed an ogre
  3483 | D:4      | Killed an ogre
  3484 | D:4      | Reached skill level 7 in Spellcasting
  3484 | D:4      | Reached XP level 6. HP: 32/32 MP: 10/18
  3619 | D:4      | Noticed Dowan
  3634 | D:4      | Killed Dowan
  3664 | D:4      | Slain by Duvessa

Illustrated notes

Levels and vault maps discovered:
D:1:      lightli_arrival_lavapool, layout_basic, minmay_tall_x
D:2:      layout_rooms, hellmonk_ecumenical_altar_heavens_door
D:3:      layout_loops_ring, mainiacjoe_overflow_alcove_4,
          nicolae_yredelemnul_corpse_copse, overflow_temple_1_default,
          roderic_batcave, serial_park_tiny_2
D:4:      layout_basic, mainiacjoe_overflow_tiny_flanked,
          mainiacjoe_overflow_boulevard, uniq_duvessa

Skill      XL: |  1  2  3  4  5  6 |
---------------+-------------------+-----
Spellcasting   | 4 5 6 7 |  7.5
Conjurations   | 5 6 |  6.0
Hexes          | 2 |  2.7
Translocations | 1 2 |  2.1
Dodging        | |  2.4
Stealth        | |  2.4

Action                     |  1- 3 |  4- 6 || total
---------------------------+-------+-------++-------
  Melee: Dagger            |     7 |       ||     7
         Whip              |       |     4 ||     4
   Cast: Magic Dart        |    80 |    86 ||   166
         Searing Ray       |       |     5 ||     5
         Fulminant Prism   |       |     4 ||     4
         Iskenderun's Myst |       |     2 ||     2
    Use: Potion            |       |     1 ||     1
 Armour: Robe              |     8 |    22 ||    30
  Dodge: Dodged            |     6 |    29 ||    35

Table legend: (Time is in decaauts)
 A = Elapsed time spent in this place.
 B = Non-inter-level travel time spent in this place.
 C = Inter-level travel time spent in this place.
 D = Time resting spent in this place.
 E = Time spent auto-exploring this place.
 F = Levels seen in this place.
 G = Mean time per level.
                   A        B        C        D        E       F      G
               +--------+--------+--------+--------+--------+-----+--------+
         Total |   3662 |   3536 |    126 |    432 |   2733 |   4 |  915.5 |
       Dungeon |   3662 |   3536 |    126 |    432 |   2733 |   4 |  915.5 |
               +--------+--------+--------+--------+--------+-----+--------+

Top non-repeatable levels by time:
     D:3: 1319 daAuts
     D:1: 1282 daAuts
     D:2: 694 daAuts
     D:4: 366 daAuts
